 Dungeon Crawl Stone Soup version 0.30-a0-172-gc5509c9e31 (webtiles) character file.

Game seed: 2873225249258264367

1498 gnomenasai the Insei (level 8, -4/49 (54) HPs)
             Began as a Gnoll Transmuter on Oct 2, 2022.
             Was a Follower of Hepliaklqana.
             Slain by a wight
             ... wielding a +7 spear of freezing
              (13 damage)
             ... on level 6 of the Dungeon.
             The game lasted 00:15:03 (4551 turns).

gnomenasai the Insei (Gnoll Transmuter)             Turns: 4551, Time: 00:15:04

HP:   -4/49 (54)    AC:  2    Str:  9    XL:     8   Next: 81%
MP:   12/17         EV: 23    Int: 16    God:    Hepliaklqana [*.....]
Gold: 222           SH:  0    Dex: 17    Spells: 13/19 levels left

rFire   . . .      SeeInvis .      - Unarmed
rCold   . . .      Faith    .    (shield currently unavailable)
rNeg    . . .      Spirit   .    (body armour currently unavailable)
rPois   x          Reflect  .    (helmet currently unavailable)
rElec   .          Harm     .    (cloak currently unavailable)
rCorr   .          Rampage  .    (gloves currently unavailable)
Will    .....                    (boots currently unavailable)
Stlth   +++.......               g - amulet of regeneration
HPRegen 1.08/turn                (no ring)
MPRegen 0.15/turn                (no ring)

@: spider-form, wereblooded, drained
A: venomous fangs, reduced essence, tiny, (fangs 1), strong nose, distributed
training
a: End Transformation, Renounce Religion, Recall Ancestor, Ancestor Identity


You were on level 6 of the Dungeon.
You worshipped Hepliaklqana.
Hepliaklqana was aware of your devotion.
You were a venomous arachnid creature.
You visited 2 branches of the dungeon, and saw 7 of its levels.

You collected 264 gold pieces.
You spent 42 gold pieces at shops.

Inventory:

Hand Weapons
 d - a +0 dagger (melded)
Missiles
 x - a throwing net
Armour
 a - a +0 robe (melded)
 q - a +1 cloak (melded)
Jewellery
 g - an amulet of regeneration (around neck)
Wands
 u - a wand of roots (9)
 w - a wand of acid (9)
 y - a wand of digging (6)
Scrolls
 f - 3 scrolls of teleportation
 h - a scroll of immolation
 l - a scroll of summoning {unknown}
 n - 3 scrolls of enchant armour
 o - a scroll of fear {unknown}
 p - 2 scrolls of magic mapping {unknown}
 r - a scroll of butterflies
 s - a scroll of enchant weapon {unknown}
Potions
 b - a potion of lignification
 c - 4 potions of curing
 e - a potion of mutation {unknown}
 i - a potion of heal wounds {unknown}
 k - 3 potions of flight
 m - 3 potions of might
 t - a potion of haste
 v - a potion of resistance {unknown}


   Skills:
 + Level 4.6 Fighting
 + Level 3.7 Short Blades
 + Level 3.7 Long Blades
 + Level 3.7 Axes
 + Level 3.7 Maces & Flails
 + Level 3.7 Polearms
 + Level 3.7 Staves
 + Level 3.7 Ranged Weapons
 + Level 3.7 Throwing
 + Level 3.7 Armour
 + Level 6.0 Dodging
 + Level 3.7 Stealth
 + Level 3.7 Shields
 + Level 7.6 Unarmed Combat
 + Level 6.3 Spellcasting
 + Level 3.1 Conjurations
 + Level 3.1 Hexes
 + Level 3.1 Summonings
 + Level 3.1 Necromancy
 + Level 3.1 Translocations
 + Level 4.9 Transmutations
 + Level 3.1 Fire Magic
 + Level 3.1 Ice Magic
 + Level 3.1 Air Magic
 + Level 3.1 Earth Magic
 + Level 3.1 Poison Magic
 + Level 4.1 Invocations
 + Level 3.7 Evocations


You had 13 spell levels left.
You knew the following spells:

 Your Spells              Type           Power      Damage    Failure   Level
a - Beastly Appendage     Tmut           42%        N/A       8%          1
b - Wereblood             Tmut           21%        N/A       10%         2
c - Spider Form           Tmut/Pois      18%        N/A       21%         3

Your spell library contained the following spells:

 Spells                   Type           Power      Damage    Failure   Level
 Summon Small Mammal      Summ           56%        N/A       12%         1
 Sublimation of Blood     Necr           14%        N/A       16%         2
 Call Canine Familiar     Summ           14%        N/A       26%         3
 Dazzling Flash           Conj/Hex       28%        N/A       26%         3
 Summon Guardian Golem    Hex/Summ       14%        N/A       26%         3
 Ice Form                 Ice/Tmut       18%        N/A       47%         4
 Petrify                  Tmut/Erth      18%        N/A       47%         4
 Irradiate                Conj/Tmut      9%         3d14      77%         5
 Agony                    Necr           14%        N/A       87%         5
 Silence                  Hex/Air        7%         N/A       87%         5


Dungeon Overview and Level Annotations

Branches:
Dungeon (6/15)             Temple (1/1) D:4

Altars:
Dithmenos
Elyvilon
Hepliaklqana
Kikubaaqudgha
Makhleb
Nemelex Xobeh
Qazlal
Ru
Uskayaw
Wu Jian
Zin
The Shining One

Shops:
D:4 !

Annotations:
D:5 exclusion: downstairs
D:6 Sigmund


Innate Abilities, Weirdness & Mutations

You are a venomous arachnid creature.
You have poisonous fangs.
You are tiny and dextrous.
Your spellcasting is less reliable in this form.
Your armour is entirely melded.
You are incapable of wielding weapons or throwing items.
Your life essence is reduced to manifest your ancestor. (-10% HP)
((You have very sharp teeth.))
Your uncanny sense of smell can sniff out nearby items.
Your experience applies equally to all skills.


Message History

You bite the wight!
You destroy the wight!
Your transformation has ended.
Your +0 dagger unmelds from your body.
Your +1 cloak unmelds from your body.
Your +0 robe unmelds from your body.
Your Dodging skill increases to level 6!
You hit the wight but do no damage. Your punch misses the wight.
Casting: Spider Form (dangerous; 8% risk of failure)
Confirm with . or Enter, or press ? or * to list all spells.
You turn into a venomous arachnid creature.
Your +0 dagger melds into your body.
Your +1 cloak melds into your body.
Your +0 robe melds into your body.
The wight closely misses you. The wight hits you with a +0 battleaxe!
You feel drained.
Casting: Spider Form (dangerous; 21% risk of failure)
Confirm with . or Enter, or press ? or * to list all spells.
Your blood is infused with primal strength.
The wight completely misses you. x2
You hit the wight.
The wight is moderately damaged.
The wight hits you from afar with a +7 spear of freezing!
You feel drained. The wight freezes you. The wight completely misses you.
You barely miss the wight.
The wight is moderately damaged.
The wight closely misses you. x2
You hit the wight.
The wight is moderately damaged.
The wight hits you from afar with a +7 spear of freezing!
The wight freezes you.
* * * LOW HITPOINT WARNING * * *
The wight hits you with a +0 battleaxe.
* * * LOW HITPOINT WARNING * * *
You feel drained.
* * * LOW HITPOINT WARNING * * *
You bite the wight!
The wight is almost destroyed.
The wight completely misses you. The wight barely misses you.
You bite the wight!
You feel a bit better.
You destroy the wight!
The wight hits you from afar with a +7 spear of freezing!
You die...

... #.#.....###.
.... #.#.........
.....#.#.........
.......#.R..z...
∆
#......'...z.###
#.######.....####
................
#########z#######
###.##
.......s)........
......
#########.#######
#.........#
#...z.
#.#########
#.#.z. #. #.#
#z@. #. #.# #.#
#. #.# #< #. #.#
# #. #.#


You could see a wight.

Vanquished Creatures
  Prince Ribbit (D:5)
  Grinder (D:3)
  Eustachio (D:5)
  Menkaure (D:5)
  A centaur (D:5)
  2 wights (D:6)
  2 hounds
  2 jellies
  3 iron imps (D:3)
  2 orc priests (D:4)
  Ijyb (D:5)
  Jessica (D:3)
  4 iguanas
  An orc wizard (D:4)
  Natasha (D:3)
  2 gnolls (D:5)
  5 adders
  A white imp (D:5)
  An ufetubus (D:4)
  3 dart slugs
  11 orcs
  3 bats (D:1)
  6 endoplasms
  2 giant cockroaches (D:2)
  6 goblins
  3 hobgoblins
  4 jackals (D:4)
  2 quokkas
  3 ball pythons
  A frilled lizard (D:3)
  7 kobolds
  5 rats
89 creatures vanquished.

Vanquished Creatures (collateral kills)
  2 hounds (D:5)
  A gnoll (D:5)
  An adder (D:5)
  A shadow imp (D:5)
  A white imp (D:5)
6 creatures vanquished.

Vanquished Creatures (others)
  An ancestor (D:6)
1 creature vanquished.

Grand Total: 96 creatures vanquished

Notes
Turn   | Place    | Note
-------+----------+-------------------------------------------
     0 | D:1      | gnomenasai the Gnoll Transmuter began the quest for the
                  | Orb.
     0 | D:1      | Reached XP level 1. HP: 17/17 MP: 6/6
   172 | D:1      | Reached XP level 2. HP: 23/23 MP: 5/7
   175 | D:1      | Learned a level 2 spell: Wereblood
  1015 | D:2      | Reached skill level 5 in Spellcasting
  1015 | D:2      | Reached XP level 3. HP: 25/28 MP: 6/9
  1024 | D:2      | Learned a level 3 spell: Spider Form
  1175 | D:2      | Found a faded altar of an unknown god.
  1189 | D:2      | Reached skill level 1 in Invocations
  1284 | D:2      | Reached skill level 1 in Short Blades
  1284 | D:2      | Reached skill level 1 in Long Blades
  1284 | D:2      | Reached skill level 1 in Axes
  1284 | D:2      | Reached skill level 1 in Maces & Flails
  1284 | D:2      | Reached skill level 1 in Polearms
  1284 | D:2      | Reached skill level 1 in Staves
  1284 | D:2      | Reached skill level 1 in Ranged Weapons
  1284 | D:2      | Reached skill level 1 in Throwing
  1284 | D:2      | Reached skill level 1 in Armour
  1284 | D:2      | Reached skill level 1 in Stealth
  1284 | D:2      | Reached skill level 1 in Shields
  1284 | D:2      | Reached skill level 1 in Evocations
  1888 | D:3      | Reached XP level 4. HP: 33/34 MP: 9/11
  2119 | D:3      | Reached skill level 1 in Conjurations
  2119 | D:3      | Reached skill level 1 in Hexes
  2119 | D:3      | Reached skill level 1 in Summonings
  2119 | D:3      | Reached skill level 1 in Necromancy
  2119 | D:3      | Reached skill level 1 in Translocations
  2119 | D:3      | Reached skill level 1 in Fire Magic
  2119 | D:3      | Reached skill level 1 in Ice Magic
  2119 | D:3      | Reached skill level 1 in Air Magic
  2119 | D:3      | Reached skill level 1 in Earth Magic
  2119 | D:3      | Reached skill level 1 in Poison Magic
  2176 | D:3      | Noticed Jessica
  2186 | D:3      | Noticed Grinder
  2187 | D:3      | Killed Jessica
  2199 | D:3      | Killed Grinder
  2200 | D:3      | Reached skill level 5 in Dodging
  2200 | D:3      | Reached XP level 5. HP: 26/41 MP: 10/12
  2200 | D:3      | Reached XP level 6. HP: 30/47 MP: 11/14
  2289 | D:3      | Noticed Natasha
  2305 | D:3      | Killed Natasha
  2612 | D:3      | Found a burning altar of Makhleb.
  2763 | D:4      | Reached skill level 7 in Unarmed Combat
  2763 | D:4      | Reached XP level 7. HP: 52/52 MP: 12/15
  2829 | D:4      | Found a staircase to the Ecumenical Temple.
  2838 | Temple   | Entered the Ecumenical Temple
  2850 | Temple   | Became a worshipper of Hepliaklqana the Forgotten
  3222 | D:4      | Found Xuk Hay's Distillery.
  3230 | D:4      | Bought a potion of curing for 42 gold pieces
  3454 | D:4      | Found a glowing golden altar of the Shining One.
  3640 | D:4      | Found a white marble altar of Elyvilon.
  3783 | D:5      | Entered Level 5 of the Dungeon
  3791 | D:5      | Reached * piety under Hepliaklqana
  3802 | D:5      | Found an ornate altar of the Wu Jian Council.
  3834 | D:5      | Noticed Ijyb
  3843 | D:5      | Killed Ijyb
  3846 | D:5      | Noticed Menkaure
  3849 | D:5      | Found a stormy altar of Qazlal.
  3865 | D:5      | Killed Menkaure
  3866 | D:5      | Reached XP level 8. HP: 25/54 MP: 12/16
  4090 | D:5      | Found a sacrificial altar of Ru.
  4095 | D:5      | Noticed Eustachio
  4120 | D:5      | Killed Eustachio
  4335 | D:5      | Noticed Prince Ribbit
  4359 | D:5      | Killed Prince Ribbit
  4416 | D:6      | Noticed Sigmund
  4551 | D:6      | Slain by a wight

Illustrated notes

Levels and vault maps discovered:
D:1:      shiori_arrival_oz, layout_basic
D:2:      layout_basic, basic_ecumenical_altar
D:3:      layout_rooms, demons_altar, palyth_stone_intersect,
          minmay_misc_feat_encased, kennysheep_cluttered_room, wad_orctagon,
          uniq_natasha, uniq_grinder, uniq_jessica
D:4:      layout_loops_ring, tso_altar, lemuel_coloured_pillars_altar,
          minmay_temple_entry_stoned_glass, serial_shops, shop
D:5:      layout_rooms, grunt_qazlal_clouds, nicolae_ru_awakened_eye,
          overflow_temple_1_default, supply_closet_lemuel, uniq_eustachio,
          uniq_ijyb, uniq_prince_ribbit1, uniq_menkaure
D:6:      layout_basic, xom_redecorated, grunt_gozag_breadcrumbs,
          roderic_serpentine_path, uniq_sigmund
Temple:   hellmonk_temple_rainy

Skill      XL: |  1  2  3  4  5  6  7  8 |
---------------+-------------------------+-----
Spellcasting   | 5 6 |  6.3
Invocations    | 1 2 3 4 |  4.1
Short Blades   | 1 2 3 |  3.7
Long Blades    | 1 2 3 |  3.7
Axes           | 1 2 3 |  3.7
Maces & Flails | 1 2 3 |  3.7
Polearms       | 1 2 3 |  3.7
Staves         | 1 2 3 |  3.7
Ranged Weapons | 1 2 3 |  3.7
Throwing       | 1 2 3 |  3.7
Armour         | 1 2 3 |  3.7
Stealth        | 1 2 3 |  3.7
Shields        | 1 2 3 |  3.7
Evocations     | 1 2 3 |  3.7
Conjurations   | 1 2 3 |  3.1
Hexes          | 1 2 3 |  3.1
Summonings     | 1 2 3 |  3.1
Necromancy     | 1 2 3 |  3.1
Translocations | 1 2 3 |  3.1
Fire Magic     | 1 2 3 |  3.1
Ice Magic      | 1 2 3 |  3.1
Air Magic      | 1 2 3 |  3.1
Earth Magic    | 1 2 3 |  3.1
Poison Magic   | 1 2 3 |  3.1
Fighting       | 3 4 |  4.6
Dodging        | 5 6 |  6.0
Transmutations | 4 |  4.9
Unarmed Combat | 7 |  7.6

Action                   |  1- 3 |  4- 6 |  7- 9 || total
-------------------------+-------+-------+-------++-------
Melee: Unarmed           |    26 |    40 |   125 ||   191
       Kick              |    19 |     4 |       ||    23
       Dagger            |    61 |    31 |     4 ||    96
       Headbutt          |     8 |     7 |       ||    15
       Bite              |     4 |     3 |     1 ||     8
       Punch             |       |     3 |     1 ||     4
 Cast: Beastly Appendage |    18 |     6 |       ||    24
       Spider Form       |     5 |     6 |    25 ||    36
       Wereblood         |       |       |     2 ||     2
Invok: Ancestor Identity |       |       |     1 ||     1
  Use: Scroll            |       |       |     7 ||     7
 Stab: Sleeping          |     1 |       |     3 ||     4
Armor: Robe              |    17 |     5 |     4 ||    26
       Skin              |     1 |     2 |     8 ||    11
Dodge: Dodged            |    60 |    58 |   140 ||   258

Table legend: (Time is in decaauts)
 A = Elapsed time spent in this place.
 B = Non-inter-level travel time spent in this place.
 C = Inter-level travel time spent in this place.
 D = Time resting spent in this place.
 E = Time spent auto-exploring this place.
 F = Levels seen in this place.
 G = Mean time per level.
                   A        B        C        D        E       F      G
               +--------+--------+--------+--------+--------+-----+--------+
         Total |   4533 |   4282 |    251 |    646 |   2675 |   7 |  647.6 |
       Dungeon |   4510 |   4259 |    251 |    646 |   2675 |   6 |  751.7 |
        Temple |     22 |     22 |      0 |      0 |      0 |   1 |   22.0 |
               +--------+--------+--------+--------+--------+-----+--------+

Top non-repeatable levels by time:
     D:3: 1160 daAuts
     D:4: 891 daAuts
     D:1: 887 daAuts
     D:2: 813 daAuts
     D:5: 658 daAuts
     D:6: 99 daAuts
  Temple: 22 daAuts
